General information
- name: BNet
- type: Ladder team game (AT/RT)
- host: Battle.net
- saver: CCCP-Is-Pro
map: Cherryville
- players: 8
- length: 27:13
- speed: Fast
- version: 1.26 W3XP
- replay type: Public
» download(144 KB)
Players
team 1 (loser)

»
MOnKeyMAn] (
yellow | 45 APM | 805 actions | 17:59)
3 Archmage
2 Summon Water Elemental
1 Brilliance Aura
1 Paladin
1 Holy Light
» actions
| Assign group hotkey | 12 | |
| Basic commands | 28 | |
| Build / train | 39 | |
| Enter build submenu | 19 | |
| Enter hero's abilities submenu | 6 | |
| Give item / drop item | 2 | |
| Right click | 223 | |
| Select / deselect | 176 | |
| Select group hotkey | 264 | |
| Use ability | 36 | |
805 total
» units
| Peasant | 12 | |
| Rifleman | 11 | |
| Mortar Team | 6 | |
29 total
» upgrades
» buildings
| Farm | 10 | |
| Altar of Kings | 1 | |
| Barracks | 1 | |
| Blacksmith | 1 | |
| Arcane Vault | 1 | |
| Lumber Mill | 1 | |
| Keep | 1 | |
| Workshop | 2 | |
18 total
» build order
00:13 Farm
00:18 Altar of Kings
01:23 Barracks
01:33 Blacksmith
01:43 Farm
02:32 Arcane Vault
02:43 Farm
03:31 Farm
03:53 Lumber Mill
04:53 Keep
05:19 Farm
06:06 Farm
07:04 Farm
07:54 Workshop
07:57 Workshop
08:36 Farm
09:45 Farm
09:50 Farm
AFK6 (
purple | 78 APM | 2119 actions | 27:04)
3 Blademaster
2 Wind Walk
1 Critical Strike
3 Shadow Hunter
1 Hex
2 Healing Wave
2 Tauren Chieftain
1 Endurance Aura
1 War Stomp
» actions
| Assign group hotkey | 173 | |
| Basic commands | 69 | |
| Build / train | 69 | |
| ESC pressed | 5 | |
| Enter build submenu | 32 | |
| Enter hero's abilities submenu | 8 | |
| Give item / drop item | 6 | |
| Right click | 926 | |
| Select / deselect | 387 | |
| Select group hotkey | 321 | |
| Use ability | 123 | |
2119 total
» units
» upgrades
| Reinforced Defenses | 1 | |
| Spiked Barricades | 3 | |
| Pillage | 1 | |
| Backpack | 1 | |
| Ranged Weapons | 1 | |
7 total
» buildings
| Altar of Storms | 1 | |
| Orc Burrow | 2 | |
| Voodoo Lounge | 4 | |
| War Mill | 2 | |
| Stronghold | 4 | |
| Watch Tower | 21 | |
| Fortress | 3 | |
37 total
» build order
00:08 Altar of Storms
00:17 Orc Burrow
01:13 Voodoo Lounge
01:19 War Mill
01:54 Orc Burrow
02:48 Stronghold
02:49 Stronghold
03:04 Watch Tower
03:15 Watch Tower
03:43 Watch Tower
03:44 Watch Tower
03:48 Watch Tower
04:11 Watch Tower
05:16 Fortress
05:16 Fortress
05:16 Fortress
05:35 Watch Tower
06:01 Watch Tower
06:02 Watch Tower
06:06 Voodoo Lounge
06:10 Voodoo Lounge
06:25 Watch Tower
06:28 Watch Tower
08:37 Watch Tower
08:38 Watch Tower
08:44 Watch Tower
12:36 Voodoo Lounge
14:54 Watch Tower
14:55 Watch Tower
14:56 Watch Tower
14:58 Watch Tower
14:59 Watch Tower
15:01 Watch Tower
15:01 Watch Tower
15:05 War Mill
» items
| Healing Salve | 7 | |
| Lesser Clarity Potion | 3 | |
| Scroll of Speed | 1 | |
| Orb of Lightning | 4 | |
| Potion of Healing | 6 | |
| Potion of Mana | 1 | |
| Scroll of Town Portal | 5 | |
| Potion of Lesser Invulnerability | 1 | |
28 total

»
Bravekd (
blue | 46 APM | 1013 actions | 21:50)
3 Death Knight
1 Unholy Aura
2 Death Coil
2 Dark Ranger
1 Black Arrow
1 Silence
» actions
| Assign group hotkey | 15 | |
| Basic commands | 89 | |
| Build / train | 57 | |
| ESC pressed | 1 | |
| Enter build submenu | 18 | |
| Enter hero's abilities submenu | 6 | |
| Give item / drop item | 5 | |
| Remove unit from queue | 2 | |
| Right click | 251 | |
| Select / deselect | 273 | |
| Select group hotkey | 260 | |
| Use ability | 35 | |
1013 total
» units
| Acolyte | 9 | |
| Ghoul | 3 | |
| Crypt Fiend | 8 | |
| Gargoyle | 9 | |
| Obsidian Statue | 2 | |
31 total
» upgrades
| Web | 1 | |
| Creature Attack | 1 | |
| Creature Carapace | 2 | |
4 total
» buildings
| Crypt | 1 | |
| Ziggurat | 7 | |
| Altar of Darkness | 1 | |
| Graveyard | 1 | |
| Tomb of Relics | 1 | |
| Halls of the Dead | 1 | |
| Black Citadel | 1 | |
| Spirit Tower | 1 | |
| Slaughterhouse | 1 | |
| Necropolis | 1 | |
16 total
» build order
00:09 Crypt
00:13 Ziggurat
00:53 Altar of Darkness
01:16 Graveyard
01:32 Ziggurat
03:10 Ziggurat
03:17 Tomb of Relics
03:37 Halls of the Dead
05:37 Ziggurat
07:54 Ziggurat
09:40 Black Citadel
11:54 Spirit Tower
11:58 Ziggurat
13:07 Ziggurat
13:15 Slaughterhouse
19:49 Necropolis
» items
| Rod of Necromancy | 1 | |
| Potion of Lesser Invulnerability | 2 | |
| Scroll of Town Portal | 1 | |
| Scroll of Healing | 1 | |
| Scroll of Protection | 1 | |
| Boots of Speed | 1 | |
| Potion of Invisibility | 1 | |
| Periapt of Vitality | 1 | |
| Orb of Corruption | 1 | |
10 total
KEVIN-LOVE (
green | 40 APM | 1099 actions | 27:11)
4 Blademaster
2 Wind Walk
2 Critical Strike
» actions
| Assign group hotkey | 24 | |
| Basic commands | 92 | |
| Build / train | 49 | |
| Enter build submenu | 15 | |
| Enter hero's abilities submenu | 4 | |
| Give item / drop item | 3 | |
| Remove unit from queue | 1 | |
| Right click | 294 | |
| Select / deselect | 146 | |
| Select group hotkey | 422 | |
| Use ability | 49 | |
1099 total
» units
| Peon | 18 | |
| Grunt | 3 | |
| Goblin Shredder | 2 | |
| Wind Rider | 3 | |
26 total
» upgrades
| Ranged Weapons | 3 | |
| Armor | 2 | |
| Reinforced Defenses | 1 | |
| Envenomed Spears | 1 | |
7 total
» buildings
| Altar of Storms | 1 | |
| Orc Burrow | 6 | |
| Barracks | 1 | |
| Voodoo Lounge | 1 | |
| Stronghold | 2 | |
| Great Hall | 1 | |
| War Mill | 1 | |
| Fortress | 2 | |
| Beastiary | 3 | |
| Watch Tower | 15 | |
33 total
» build order
00:10 Altar of Storms
00:21 Orc Burrow
00:38 Barracks
01:22 Orc Burrow
01:56 Voodoo Lounge
02:56 Stronghold
03:50 Great Hall
04:09 Orc Burrow
05:39 War Mill
06:03 Fortress
06:14 Beastiary
06:46 Beastiary
06:50 Beastiary
07:24 Orc Burrow
07:24 Orc Burrow
07:25 Orc Burrow
08:07 Watch Tower
08:08 Watch Tower
08:09 Watch Tower
08:09 Watch Tower
08:10 Watch Tower
08:10 Watch Tower
08:11 Watch Tower
13:18 Watch Tower
13:19 Watch Tower
13:20 Watch Tower
14:56 Watch Tower
14:57 Watch Tower
14:58 Watch Tower
14:58 Watch Tower
19:34 Stronghold
» items
| Healing Salve | 3 | |
| Orb of Lightning | 1 | |
| Tiny Great Hall | 1 | |
| Staff of Teleportation | 1 | |
6 total
team 2 (winner)
puff_WEED_4_lyf (
pink | 41 APM | 1110 actions | 27:12)
6 Death Knight
3 Death Coil
3 Unholy Aura
3 Tauren Chieftain
2 Endurance Aura
1 Shockwave
» actions
| Build / train | 108 | |
| Enter build submenu | 69 | |
| Enter hero's abilities submenu | 9 | |
| Remove unit from queue | 14 | |
| Right click | 469 | |
| Select / deselect | 331 | |
| Use ability | 110 | |
1110 total
» units
| Acolyte | 14 | |
| Ghoul | 10 | |
| Peon | 3 | |
| Crypt Fiend | 1 | |
| Shaman | 9 | |
| Frost Wyrm | 11 | |
| Tauren | 5 | |
| Troll Witch Doctor | 8 | |
61 total
» upgrades
| Armor | 1 | |
| Web | 1 | |
| Shaman Training | 2 | |
| Creature Carapace | 2 | |
| Creature Attack | 2 | |
| Freezing Breath | 2 | |
| Melee Weapons | 0 | |
| Witch Doctor Training | 1 | |
| Spirit Walker Training | | |
11 total
» buildings
| Crypt | 2 | |
| Ziggurat | 24 | |
| Altar of Darkness | 1 | |
| Tomb of Relics | 3 | |
| Nerubian Tower | 1 | |
| Halls of the Dead | 1 | |
| Orc Burrow | 8 | |
| Graveyard | 2 | |
| Fortress | 1 | |
| Spirit Lodge | 3 | |
| Black Citadel | 4 | |
| Sacrificial Pit | 3 | |
| Spirit Tower | 2 | |
| Tauren Totem | 5 | |
| Boneyard | 8 | |
| Necropolis | 1 | |
69 total
» build order
00:38 Crypt
00:43 Ziggurat
00:57 Altar of Darkness
01:22 Ziggurat
01:25 Tomb of Relics
01:35 Nerubian Tower
03:16 Ziggurat
03:20 Halls of the Dead
03:35 Orc Burrow
05:08 Tomb of Relics
05:29 Graveyard
05:35 Tomb of Relics
05:39 Ziggurat
06:52 Crypt
07:03 Ziggurat
07:05 Ziggurat
07:07 Ziggurat
07:25 Fortress
07:28 Orc Burrow
07:31 Spirit Lodge
07:45 Black Citadel
07:54 Sacrificial Pit
08:20 Sacrificial Pit
08:22 Black Citadel
08:22 Black Citadel
08:23 Black Citadel
08:28 Ziggurat
08:42 Spirit Tower
08:42 Spirit Tower
08:47 Ziggurat
08:53 Sacrificial Pit
08:57 Ziggurat
08:59 Ziggurat
09:01 Ziggurat
09:59 Tauren Totem
10:02 Tauren Totem
10:10 Tauren Totem
10:22 Boneyard
10:25 Boneyard
10:29 Boneyard
10:40 Boneyard
10:46 Boneyard
11:30 Boneyard
11:33 Boneyard
11:37 Boneyard
11:41 Ziggurat
11:44 Ziggurat
12:34 Orc Burrow
12:36 Orc Burrow
12:40 Tauren Totem
12:52 Tauren Totem
13:09 Ziggurat
13:12 Ziggurat
13:26 Graveyard
13:52 Orc Burrow
13:54 Orc Burrow
14:02 Orc Burrow
16:08 Ziggurat
16:10 Ziggurat
19:03 Spirit Lodge
19:12 Spirit Lodge
21:40 Necropolis
21:42 Ziggurat
21:48 Ziggurat
25:23 Orc Burrow
27:02 Ziggurat
27:04 Ziggurat
27:09 Ziggurat
27:12 Ziggurat
hixhix (
orange | 92 APM | 574 actions | 06:15)
2 Death Knight
1 Death Coil
1 Unholy Aura
1 Tauren Chieftain
1 Shockwave
» actions
| Assign group hotkey | 20 | |
| Basic commands | 14 | |
| Build / train | 51 | |
| ESC pressed | 1 | |
| Enter build submenu | 11 | |
| Enter hero's abilities submenu | 3 | |
| Give item / drop item | 1 | |
| Remove unit from queue | 1 | |
| Right click | 110 | |
| Select / deselect | 280 | |
| Select group hotkey | 61 | |
| Use ability | 21 | |
574 total
» units
| Acolyte | 7 | |
| Ghoul | 10 | |
| Crypt Fiend | 6 | |
| Peon | 2 | |
25 total
» upgrades
| Cannibalize | 0 | |
| Melee Weapons | 1 | |
| Armor | 2 | |
| Creature Attack | 1 | |
| Creature Carapace | 1 | |
5 total
» buildings
| Crypt | 1 | |
| Ziggurat | 3 | |
| Graveyard | 1 | |
| Altar of Darkness | 1 | |
| Orc Burrow | 3 | |
| War Mill | 1 | |
| Stronghold | 1 | |
| Halls of the Dead | 1 | |
| Spirit Tower | 1 | |
13 total
» build order
00:25 Crypt
00:26 Ziggurat
00:56 Graveyard
00:59 Ziggurat
01:15 Altar of Darkness
02:42 Ziggurat
03:35 Orc Burrow
03:38 War Mill
04:41 Stronghold
04:45 Orc Burrow
05:12 Halls of the Dead
05:42 Orc Burrow
05:48 Spirit Tower
» items
| Healing Salve | 2 | |
| Lesser Clarity Potion | 1 | |
3 total
GoRanger (
teal | 19 APM | 64 actions | 03:26)
» actions
| Build / train | 7 | |
| Enter build submenu | 5 | |
| Remove unit from queue | 3 | |
| Right click | 22 | |
| Select / deselect | 23 | |
| Use ability | 4 | |
64 total
» units
» buildings
| Orc Burrow | 1 | |
| Altar of Storms | 1 | |
| Barracks | 1 | |
| Voodoo Lounge | 1 | |
4 total
» build order
02:40 Orc Burrow
02:46 Altar of Storms
02:51 Barracks
03:22 Voodoo Lounge
CCCP-Is-Pro (
red | 60 APM | 1625 actions | 27:13)
6 Blood Mage
3 Flame Strike
2 Banish
1 Summon Phoenix
2 Lich
1 Frost Nova
1 Frost Armor
2 Death Knight
2 Death Pact
2 Tauren Chieftain
1 Shockwave
1 Reincarnation
» actions
| Assign group hotkey | 38 | |
| Basic commands | 276 | |
| Build / train | 90 | |
| ESC pressed | 1 | |
| Enter build submenu | 28 | |
| Enter hero's abilities submenu | 13 | |
| Give item / drop item | 8 | |
| Remove unit from queue | 2 | |
| Right click | 409 | |
| Select / deselect | 448 | |
| Select group hotkey | 250 | |
| Use ability | 62 | |
1625 total
» units
| Peasant | 4 | |
| Footman | 9 | |
| Goblin Shredder | 1 | |
| Gryphon Rider | 3 | |
| Dragonhawk Rider | 12 | |
| Acolyte | 1 | |
30 total
» upgrades
| Masonry | 3 | |
| Swords | 3 | |
| Storm Hammers | 1 | |
| Animal War Training | 1 | |
| Armor | 3 | |
| Spiked Barricades | 3 | |
| Pulverize | 1 | |
| Cloud | 1 | |
| Gunpowder | 2 | |
| Plating | 1 | |
| Reinforced Defenses | 1 | |
| Spirit Walker Training | 2 | |
| Witch Doctor Training | 1 | |
| Pillage | 1 | |
| Backpack | 1 | |
| Lumber Harvesting | 1 | |
| Long Rifles | 1 | |
| Defend | 1 | |
28 total
» buildings
| Altar of Kings | 1 | |
| Farm | 8 | |
| Barracks | 1 | |
| Scout Tower | 3 | |
| Arcane Tower | 1 | |
| Arcane Vault | 2 | |
| Keep | 2 | |
| Lumber Mill | 1 | |
| Blacksmith | 1 | |
| Castle | 2 | |
| Guard Tower | 2 | |
| Gryphon Aviary | 2 | |
| Town Hall | 2 | |
| Spirit Tower | 1 | |
| Great Hall | 1 | |
30 total
» build order
00:04 Altar of Kings
00:06 Farm
00:14 Barracks
01:22 Farm
01:55 Scout Tower
02:10 Farm
02:31 Arcane Tower
02:41 Arcane Vault
03:56 Keep
05:01 Farm
05:45 Lumber Mill
05:49 Scout Tower
06:00 Blacksmith
06:34 Castle
07:26 Guard Tower
07:31 Gryphon Aviary
08:34 Gryphon Aviary
11:02 Farm
11:25 Town Hall
11:27 Scout Tower
13:01 Guard Tower
13:40 Arcane Vault
14:10 Keep
15:26 Farm
16:13 Town Hall
16:23 Farm
17:08 Spirit Tower
17:21 Castle
19:35 Farm
24:53 Great Hall
» items
| Scroll of Regeneration | 3 | |
| Lesser Clarity Potion | 2 | |
| Boots of Speed | 1 | |
| Staff of Teleportation | 1 | |
| Potion of Invisibility | 1 | |
| Periapt of Vitality | 1 | |
9 total
Chat log
(00:18 / All) CCCP-Is-Pro: Loadhack?
(00:26 / All) puff_WEED_4_lyf: lol
(00:27 / All) AFK6: zmap
(00:29 / All) puff_WEED_4_lyf: turn of ur hacks
(00:43 / All) CCCP-Is-Pro: You hack too purple?
(00:46 / All) AFK6: i don't
(03:32 / Allies) hixhix: i can take him
(03:34 / Allies) CCCP-Is-Pro: k good
(06:15 / Allies) CCCP-Is-Pro: it's green
(06:16 / Allies) puff_WEED_4_lyf: realy
(06:17 / Allies) puff_WEED_4_lyf: iight
(06:18 / Allies) CCCP-Is-Pro: yes
(06:19 / Allies) puff_WEED_4_lyf: hype
(06:39 / Allies) puff_WEED_4_lyf: u maphack at all?
(06:42 / Allies) CCCP-Is-Pro: no
(06:44 / Allies) puff_WEED_4_lyf: soomwe got some advatage
(06:45 / Allies) puff_WEED_4_lyf: lol
(06:46 / Allies) puff_WEED_4_lyf: fuck
(07:14 / Allies) puff_WEED_4_lyf: i got oj
(07:32 / Allies) CCCP-Is-Pro: k
(10:04 / Allies) puff_WEED_4_lyf: he tking?
(10:11 / Allies) CCCP-Is-Pro: maybe not yet, he will though
(11:13 / Allies) CCCP-Is-Pro: omw
(12:25 / Allies) CCCP-Is-Pro: he stabbing
(12:29 / Allies) puff_WEED_4_lyf: lol
(13:21 / Allies) puff_WEED_4_lyf: wood?
(13:35 / Allies) CCCP-Is-Pro: ty
(14:28 / Allies) puff_WEED_4_lyf: lets hit
(15:36 / Allies) CCCP-Is-Pro: no t3 for cloud
(15:39 / Allies) CCCP-Is-Pro: killed by mortars
(17:35 / All) KEVIN-LOVE: shitload of worms
(18:26 / All) KEVIN-LOVE: he did stab
(18:28 / All) KEVIN-LOVE: yellow
(18:34 / All) CCCP-Is-Pro: maphacking fag too
(18:38 / All) CCCP-Is-Pro: or loadhacking at least
(21:41 / All) KEVIN-LOVE: somebody paranoid lawl
(21:45 / All) KEVIN-LOVE: u actually tked first
(22:13 / Allies) puff_WEED_4_lyf: red?
(22:14 / Allies) puff_WEED_4_lyf: why
(22:15 / All) KEVIN-LOVE: weren't we in last game purple
(22:16 / Allies) puff_WEED_4_lyf: buddy
(22:16 / All) KEVIN-LOVE: on friends
(22:26 / Allies) CCCP-Is-Pro: don't worry we win
(22:30 / Allies) CCCP-Is-Pro: I just don't want ojs stuff
(22:39 / Allies) CCCP-Is-Pro: nothing personal sir, I won't stab us
(22:40 / Allies) puff_WEED_4_lyf: ido tho
(22:42 / Allies) puff_WEED_4_lyf: i wank his dk
(22:53 / Allies) CCCP-Is-Pro: k rez it
(23:29 / Allies) CCCP-Is-Pro: yellow gets loss
(23:33 / Allies) CCCP-Is-Pro: and you the win
(23:33 / All) KEVIN-LOVE: paranoid i see purple
(23:39 / Allies) puff_WEED_4_lyf: :)
(24:56 / All) KEVIN-LOVE: purple
(24:59 / All) KEVIN-LOVE: i can win if i want to
(25:36 / All) KEVIN-LOVE: nvm red not gonna stab
(26:10 / All) KEVIN-LOVE: nlggerwcrmods
(26:16 / All) CCCP-Is-Pro: darknesscalled- in a sec
(26:36 / All) KEVIN-LOVE: talking to purple
(26:44 / All) KEVIN-LOVE: just stay on low ell accts since all 3 of us ar eonline
(26:46 / All) KEVIN-LOVE: red yes